 Dungeon Sprint DCSS version 0.17-a0-2109-g117576f (webtiles) character file.

203 esc the Thaumaturge (level 5, -3/32 HPs)
             Began as a Deep Elf Fire Elementalist on Oct 19, 2015.
             Was a Follower of Vehumet.
             Slain by a slime creature (19 damage)
             ... in the Dungeon (Sprint V: "Ziggurat Sprint").
             The game lasted 00:05:02 (214 turns).

esc the Thaumaturge (Deep Elf Fire Elementalist)     Turns: 214, Time: 00:05:02

Health: -3/32      AC:  2    Str:  5    XL:     5   Next: 51%
Magic:  4/18       EV: 13    Int: 33    God:    Vehumet [*.....]
Gold:   0          SH:  0    Dex: 15    Spells: 1 memorised, 21 levels left

rFire  . . .     SeeInvis .     C - staff of energy {@w1+MP, hungerless spells, !d!a}
rCold  . . .     Clarity  .     a - +0 robe
rNeg   . . .     SustAt   .     (no shield)
rPois  .         Gourm    .     (no helmet)
rElec  .         Spirit   .     (no cloak)
rCorr  .         Warding  .     (no gloves)
rMut   .         NoTele   +     (no boots)
MR     .....                    (no amulet)
Stlth  ++........               H - +6 ring of intelligence
                                G - +6 ring of intelligence

@: not resistant to hostile enchantments, unstealthy
A: no striking features
a: Renounce Religion


You were in the Dungeon.
You worshipped Vehumet.
Vehumet was aware of your devotion.
You were not hungry.

You visited 1 branch

Inventory:

Hand Weapons
 L - a +5 quick blade
   (You found it in the Dungeon)
Armour
 a - a +0 robe (worn)
 M - a +5 fire dragon armour {rF++, rC-}
   (You found it in the Dungeon)
Magical Staves
 m - an uncursed staff of cold {rC+}
   (You found it in the Dungeon)
 C - an uncursed staff of energy (weapon) {@w1+MP, hungerless spells, !d!a}
   (You found it in the Dungeon)
Jewellery
 E - a +6 ring of dexterity
   (You found it in the Dungeon)
 F - a +6 ring of dexterity
   (You found it in the Dungeon)
 G - a +6 ring of intelligence (left hand)
   (You found it in the Dungeon)
 H - a +6 ring of intelligence (right hand)
   (You found it in the Dungeon)
 I - a +6 ring of strength
   (You found it in the Dungeon)
 J - a +6 ring of strength
   (You found it in the Dungeon)
 N - an uncursed ring of protection from fire {rF+, !d}
   (You found it in the Dungeon)
Wands
 y - a wand of disintegration (4)
   (You found it in the Dungeon)
 z - a wand of fire (5)
   (You found it in the Dungeon)
 A - a wand of cold (2)
   (You found it in the Dungeon)
 B - a wand of draining (5)
   (You found it in the Dungeon)
Scrolls
 i - 4 scrolls of blinking {!r}
 p - 4 scrolls of amnesia
 q - 3 scrolls of recharging
 r - 7 scrolls of fog
 s - a scroll of holy word {!r}
 t - 5 scrolls of identify
 u - 5 scrolls of remove curse
 v - 2 scrolls of fear
Potions
 d - 10 potions of curing
 e - 9 potions of heal wounds
 f - 6 potions of haste
 g - 7 potions of magic
 h - 3 potions of berserk rage {!q}
 j - 2 potions of brilliance
 k - 2 potions of invisibility
 l - 4 potions of resistance
 n - 5 potions of agility
 o - 5 potions of might
Books
 b - a book of Flames
Miscellaneous
 D - a crystal ball of energy
   (You found it in the Dungeon)
 K - a disc of storms
   (You found it in the Dungeon)
Comestibles
 c - 5 bread rations {@e1}
 w - 42 fruits
 x - 4 meat rations {@e2}


   Skills:
 - Level 2.8 Fighting
 - Level 2.4 Dodging
 - Level 2.4 Stealth
 + Level 9.1 Spellcasting
 + Level 7.3 Conjurations
 + Level 8.2 Fire Magic


You had 21 spell levels left.
You knew the following spells:

 Your Spells              Type           Power        Failure   Level  Hunger
a - Flame Tongue          Conj/Fire      #####        1%          1    None


Dungeon Overview and Level Annotations

Branches:
Dungeon (1/1)

Altars:
Ashenzari
Cheibriados
Dithmenos
Elyvilon
Fedhas
Gozag
Kikubaaqudgha
Makhleb
Nemelex Xobeh
Okawaru
Qazlal
Ru
Sif Muna
Trog
Vehumet
Xom
Yredelemnul
Zin
The Shining One
Beogh
Jiyva
Lugonu


Message History

Your Spellcasting skill gained 3 levels and is now at level 8!
Your Conjurations skill gained 2 levels and is now at level 6!
Your Fire Magic skill gained 2 levels and is now at level 7!
You have reached level 3!
Your experience leads to an increase in your attributes!
Your base attributes are Str 5, Int 19, Dex 15.
Increase (S)trength, (I)ntelligence, or (D)exterity?
You feel clever.
You have reached level 4!
You feel clever.
This wand has 2 charges left.
The bat zombie hits you but does no damage.
The bat zombie closely misses you.
You regained 7 hp, and now have 24/27 hp.
Aim: a bat zombie The flame tongue hits the bat zombie.
You destroy the bat zombie!
Vehumet accepts your kill.
You now have 10/16 mp.
You see here a hell hound corpse.
You see here an uncursed ring of protection from fire {rF+, !d}.
You see here an uncursed staff of cold {rC+}.
m - an uncursed staff of cold {rC+} You see here an uncursed ring of protection from fire {rF+, !d}.
N - an uncursed ring of protection from fire {rF+, !d} You start resting.
Health restored: 27; MP restored: 16
Okay, then.
Your surroundings seem different!
Welcome to arena 2.
An ooze, a slime creature and an eye of draining come into view.
The eye of draining turns its gaze towards you.
Okay, then.
Okay, then.
Aim: an eye of draining The flame tongue hits the eye of draining.
You now have 15/16 mp.
Aim: an eye of draining (moderately wounded)
The flame tongue hits the eye of draining.
The ooze quivers.
The eye of draining gazes at you.
You feel your power leaking away.
You now have 10/16 mp.
Aim: an eye of draining (heavily wounded)
The flame tongue hits the eye of draining.
You now have 9/16 mp.
Aim: an eye of draining (almost dead)
The flame tongue hits the eye of draining.
You kill the eye of draining!
Vehumet accepts your kill.
You can now gain magical power from killing.
Vehumet offers you knowledge of Sandblast.
Your Spellcasting skill increases to level 9!
Your Conjurations skill increases to level 7!
Your Fire Magic skill increases to level 8!
You have reached level 5!
The slime creature quivers.
Health restored: 32 You now have 8/18 mp.
Aim: an ooze The flame tongue hits the ooze.
You now have 7/18 mp.
Aim: an ooze (severely wounded)
The flame tongue hits the ooze.
The ooze barely misses you.
Aim: an ooze (almost dead)
The flame tongue hits the ooze.
You kill the ooze!
Vehumet accepts your kill.
You now have 6/18 mp.
Aim: a slime creature The flame tongue hits the slime creature.
The slime creature hits you!!
Ouch! That really hurt!
You take 20 damage, and have 12/32 hp.
MASSIVE DAMAGE!!
You now have 5/18 mp.
Aim: a slime creature (lightly wounded, chance to defeat MR: 48%)
The slime creature resists with some effort.
This wand has 6 charges left.
The slime creature hits you.
You take 2 damage, and have 10/32 hp.
Aim: a slime creature (lightly wounded, chance to defeat MR: 48%)
The slime creature resists with some effort.
This wand has 5 charges left.
The slime creature misses you.
Aim: a slime creature (lightly wounded, chance to defeat MR: 48%)
The slime creature is blasted.
This wand has 4 charges left.
The slime creature hits you!
* * * LOW HITPOINT WARNING * * *
You take 6 damage, and have 4/32 hp.
Drink which item? (? for menu, Esc to quit)
You feel much better. The slime creature hits you.
You regained 21 hp, and now have 25/32 hp.
Aim: a slime creature (moderately wounded)
The flame tongue hits the slime creature.
The slime creature hits you!
You take 9 damage, and have 16/32 hp.
MASSIVE DAMAGE!!
Aim: a slime creature (heavily wounded)
The flame tongue hits the slime creature.
The slime creature hits you!!
Ouch! That really hurt!
You die...

▓▓▓▓▓▓▓▓▓▓▓▓▓
▓.8©8.▓.8©8.▓
▓.[[:.▓.....▓
▓.....▓.....▓
▓.....▓.....▓
▓.....▓.†...▓
▓..J..▓.....▓
▓..@..▓▓▓▓▓▓▓
▓▓▓▓▓▓▓


You could see a slime creature.

Vanquished Creatures
  A hell hound (D)
  An eye of draining (D)
  An ooze (D)
  A bat zombie (D)
4 creatures vanquished.

Notes
Turn   | Place    | Note
--------------------------------------------------------------
     0 | D        | esc the Deep Elf Fire Elementalist began the quest for the Orb.
     0 | D        | Reached XP level 1. HP: 10/10 MP: 6/6
     0 | D        | Found an iron altar of Okawaru.
     0 | D        | Found a radiant altar of Vehumet.
     0 | D        | Found a burning altar of Makhleb.
     0 | D        | Found a shimmering altar of Xom.
     0 | D        | Found a deep blue altar of Sif Muna.
     2 | D        | Found a roughly hewn altar of Beogh.
     2 | D        | Found a corrupted altar of Lugonu.
     2 | D        | Found a viscous altar of Jiyva.
     2 | D        | Found a white marble altar of Elyvilon.
     2 | D        | Found a sparkling altar of Nemelex Xobeh.
     2 | D        | Found a bloodstained altar of Trog.
    38 | D        | Became a worshipper of Vehumet
    74 | D        | Reached skill level 2 in Fighting
    74 | D        | Reached skill level 5 in Spellcasting
    74 | D        | Reached skill level 4 in Conjurations
    74 | D        | Reached skill level 5 in Fire Magic
    74 | D        | Reached XP level 2. HP: 13/18 MP: 6/10
   157 | D        | Entered arena 1.
   157 | D        | Noticed a hell hound
   160 | D        | Killed a hell hound
   160 | D        | Reached skill level 8 in Spellcasting
   160 | D        | Reached skill level 6 in Conjurations
   160 | D        | Reached skill level 7 in Fire Magic
   160 | D        | Reached XP level 3. HP: 20/22 MP: 10/14
   160 | D        | Reached XP level 4. HP: 24/27 MP: 11/16
   200 | D        | Entered arena 2.
   200 | D        | Noticed an eye of draining
   200 | D        | Noticed a slime creature
   204 | D        | Killed an eye of draining
   204 | D        | Reached * piety under Vehumet
   204 | D        | Offered knowledge of Sandblast by Vehumet.
   204 | D        | Reached skill level 9 in Spellcasting
   204 | D        | Reached skill level 7 in Conjurations
   204 | D        | Reached skill level 8 in Fire Magic
   204 | D        | Reached XP level 5. HP: 32/32 MP: 8/18
   211 | D        | HP: 4/32 [slime creature (7)]
   214 | D        | Slain by a slime creature

Vault maps used:
D:        sprint_v

Action                   |  1- 3 |  4- 6 || total
-------------------------+-------+-------++-------
 Cast: Flame Tongue      |       |    11 ||    11
Evoke: Wand              |     2 |     4 ||     6
  Use: Potion            |     1 |     1 ||     2

Vault maps used:
D:        sprint_v

Table legend:
 A = Turns spent in this place as a percentage of turns spent in the entire game.
 B = Non-inter-level travel turns spent in this place as a percentage of non-inter-level travel turns spent in the entire game.
 C = Inter-level travel turns spent in this place as a percentage of turns spent in this place.
 D = Turns resting spent in this place as a percentage of non-inter-level travel turns spent in this place.
 E = Turns spent auto-exploring this place as a percentage of non-inter-level travel turns spent in this place.
 F = Non-inter-level travel turns spent in this place divided by the number of levels of this place that you've seen.
                   A       B       C       D       E      F
               +-------+-------+-------+-------+-------+----------------------
         Total | 100.0 | 100.0 |   0.0 |   3.0 |   0.0 | 132.0
       Dungeon | 100.0 | 100.0 |   0.0 |   3.0 |   0.0 | 132.0
               +-------+-------+-------+-------+-------+----------------------

Table legend:
 A = Kills in this place as a percentage of kills in entire the game.
 B = Kills by you in this place as a percentage of kills by you in the entire game.
 C = Kills by friends in this place as a percentage of kills by friends in the entire game.
 D = Other kills in this place as a percentage of other kills in the entire game.
 E = Experience gained in this place as a percentage of experience gained in the entire game.
 F = Experience gained in this place divided by the number of levels of this place that you have seen.
                   A       B       C       D       E      F
               +-------+-------+-------+-------+-------+----------------------
         Total | 100.0 | 100.0 |  -nan |  -nan | 100.0 | 279.0
       Dungeon | 100.0 | 100.0 |  -nan |  -nan | 100.0 | 279.0
               +-------+-------+-------+-------+-------+----------------------
